 Dungeon Crawl Stone Soup version 0.29.1-15-g9cfb28693d (webtiles) character file.

Game seed: 5553540895385620587

11 wextippler1 the Conjurer (level 2, 19/19 HPs)
             Began as a Demonspawn Conjurer on May 28, 2023.
             Quit the game on level 1 of the Dungeon.
             The game lasted 00:00:26 (321 turns).

wextippler1 the Conjurer (Demonspawn Conjurer)       Turns: 321, Time: 00:00:27

Health: 19/19      AC:  2    Str:  7    XL:     2   Next: 13%
Magic:  5/5        EV: 12    Int: 19    God:
Gold:   21         SH:  0    Dex: 11    Spells: 4/5 levels left

rFire   . . .      SeeInvis .   d - +0 short sword
rCold   . . .      Faith    .   (no shield)
rNeg    . . .      Spirit   .   a - +0 robe
rPois   .          Reflect  .   (no helmet)
rElec   .          Harm     .   (no cloak)
rCorr   .          Rampage  .   (no gloves)
Will    .....                   (no boots)
Stlth   ++........              (no amulet)
HPRegen 0.06/turn               (no ring)
MPRegen 0.09/turn               (no ring)

@: no status effects
A: powered by death 1
a: no special abilities


You were on level 1 of the Dungeon.
You visited 1 branch of the dungeon, and saw 1 of its levels.

You collected 21 gold pieces.

Inventory:

Hand Weapons
 d - a +0 short sword (weapon)
Armour
 a - a +0 robe (worn)
Potions
 b - a potion of magic
 c - 2 potions of brilliance {unknown}
 e - a potion of degeneration {unknown}
 f - 2 potions of lignification {unknown}


   Skills:
 + Level 0.3 Fighting
 + Level 1.9 Dodging
 + Level 1.9 Stealth
 * Level 2.3 Spellcasting
 * Level 4.1 Conjurations


You had 4 spell levels left.
You knew the following spells:

 Your Spells              Type           Power      Damage    Failure   Level
a - Magic Dart            Conj           68%        1d6       3%          1

Your spell library contained the following spells:

 Spells                   Type           Power      Damage    Failure   Level
 Searing Ray              Conj           34%        2d5       4%          2
 Dazzling Flash           Conj/Hex       20%        N/A       22%         3
 Fulminant Prism          Conj/Hex       5%         3d7       56%         4
 Iskenderun's Mystic Bla  Conj/Tloc      10%        2d4       56%         4


Dungeon Overview and Level Annotations

Branches:
Dungeon (1/15)

Altars:


Innate Abilities, Weirdness & Mutations

You regenerate a little health from kills.


Message History

The kobold moves out of view.
A kobold is nearby!
You closely miss the kobold.
The kobold shouts!
The kobold hits you but does no damage.
You hit the kobold.
You kill the kobold!
You have reached level 2!
Your demonic ancestry asserts itself...
A wave of death washes over you.
A hobgoblin comes into view.
The hobgoblin shouts!
Things that are here:
a +0 club; 3 stones; 2 fizzy clear potions A hobgoblin is nearby!
The magic dart hits the hobgoblin.
The hobgoblin is almost dead.
The hobgoblin hits you.
The magic dart hits the hobgoblin.
You kill the hobgoblin!
You can't see any susceptible monsters within range! (Use Z to cast anyway.)
A bat comes into view.
A bat is nearby!
The magic dart hits the bat.
The bat is moderately wounded.
The bat hits you.
The magic dart hits the bat.
The bat is severely wounded.
The bat misses you.
The magic dart hits the bat.
You kill the bat!
You are out of magic!
You are out of magic!
You are out of magic!
f - 2 fizzy clear potions
Things that are here:
a +0 club; 3 stones You see here a hobgoblin corpse.
Found 6 stones.
Are you sure you want to abandon this character and quit the game? (Confirm with "yes".)

#.# #.# #.# #
#.# #. #.#
#.####.#
...##.###.#
#.##.....#
#@.†.#####
#.###.##)#
#........#
###..##..#######
..... #.†....>.#
# .###.
####.###.# .# #
#. #.###.###.#
#( #.#.......#
#.#.#...#.#


There were no monsters in sight!

Vanquished Creatures
  A dart slug (D:1)
  A goblin (D:1)
  2 hobgoblins (D:1)
  A ball python (D:1)
  A bat (D:1)
  2 kobolds (D:1)
  A rat (D:1)
9 creatures vanquished.

Notes
Turn   | Place    | Note
-------+----------+-------------------------------------------
     0 | D:1      | wextippler1 the Demonspawn Conjurer began the quest for the
                  | Orb.
     0 | D:1      | Reached XP level 1. HP: 13/13 MP: 3/3
   253 | D:1      | Gained mutation: You regenerate a little health from kills.
                  | [demonic ancestry]
   253 | D:1      | Reached XP level 2. HP: 19/19 MP: 5/5
   321 | D:1      | Quit the game

Illustrated notes

Levels and vault maps discovered:
D:1:      ebering_hopf_link, layout_loops_ring

Action                   || total
-------------------------++-------
Melee: Short sword       ||     5
       Unarmed           ||     1
 Cast: Magic Dart        ||    14
Armor: Robe              ||     2
Dodge: Dodged            ||     5
